 Dungeon Crawl Stone Soup version 0.17-a0-2007-g96ac4c4 (webtiles) character file.

2188 Ordine the Fighter (level 9, -1/68 HPs)
             Began as an Octopode Fighter on Oct 9, 2015.
             Was an Initiate of Dithmenos.
             Slain by a killer bee (9 damage)
             ... on level 7 of the Dungeon.
             The game lasted 00:25:05 (8998 turns).

Ordine the Fighter (Octopode Fighter)               Turns: 8998, Time: 00:25:06

Health: -1/68      AC:  1    Str: 20    XL:     9   Next: 33%
Magic:  9/9        EV: 11    Int: 10    God:    Dithmenos [......]
Gold:   112        SH:  9    Dex: 15    Spells: 1 memorised, 5 levels left

rFire  . . .     SeeInvis .     a - +0 long sword
rCold  . . .     Clarity  .     b - +0 shield
rNeg   + . .     SustAt   .     (helmet restricted)
rPois  .         Gourm    +     o - amulet of the gourmand
rElec  .         Spirit   .     s - ring of positive energy
rCorr  .         Warding  .     y - +5 ring of strength
rMut   .         Stasis   .     B - ring of invisibility
MR     .....                    (no ring)
Stlth  ++........               (no ring)
                                (no ring)
                                (no ring)
                                (no ring)

@: lethally poisoned (-1 -> -3), very slightly contaminated, hasted, very quick,
not resistant to hostile enchantments, unstealthy
A: almost no armour, amphibious, 8 rings, constrict 8, camouflage 1, gelatinous
body 1
a: Renounce Religion, Evoke Invisibility


You were on level 7 of the Dungeon.
You worshipped Dithmenos.
Dithmenos was noncommittal.
You were not hungry.

You visited 2 branches of the dungeon, and saw 8 of its levels.
You also visited: Ossuary.

You collected 364 gold pieces.
You spent 252 gold pieces at shops.

Inventory:

Hand Weapons
 a - a +0 long sword (weapon)
Missiles
 x - 7 javelins (quivered)
Armour
 b - a +0 shield (worn)
Jewellery
 o - an amulet of the gourmand (around mantle)
 s - a ring of positive energy (left tentacle)
 y - a +5 ring of strength (right tentacle)
 B - a ring of invisibility (on tentacle)
Wands
 C - a wand of lightning (7)
 D - a wand of teleportation (1)
Scrolls
 e - a scroll of fear
 h - a scroll of teleportation
 m - 3 scrolls of remove curse
 q - 3 scrolls of amnesia
 v - 2 scrolls of recharging
Potions
 c - a potion of invisibility
 f - a potion of flight
 g - a potion of curing
 j - 3 potions of haste
 k - a potion of lignification {unknown}
 l - 4 potions of agility
 n - a potion of mutation {unknown}
 t - 2 potions of cancellation {unknown}
 w - a potion of berserk rage {unknown}
 z - a potion of ambrosia {unknown}
Books
 i - a book of Necromancy

   Spells                             Type                      Level
   a - Pain                           Necromancy                   1
   b - Animate Skeleton               Necromancy                   1
   c - Vampiric Draining              Necromancy                   3
   d - Regeneration                   Charms/Necromancy            3
   e - Animate Dead                   Necromancy                   4
   f - Control Undead                 Necromancy                   4
Comestibles
 d - 6 bread rations
 p - 2 beef jerkies
 r - 9 meat rations
 A - 2 slices of pizza
 E - 3 fruits


   Skills:
 + Level 9.2 Fighting
 + Level 8.7 Long Blades
 - Level 3.0 Dodging
 - Level 3.0 Shields


You had 5 spell levels left.
You knew the following spells:

 Your Spells              Type           Power        Failure   Level  Hunger
a - Regeneration          Chrm/Necr      #.........   100%        3    ####...


Dungeon Overview and Level Annotations

Branches:
Dungeon (7/15)             Temple (1/1) D:6

Altars:
Ashenzari
Cheibriados
Dithmenos
Elyvilon
Fedhas
Gozag
Kikubaaqudgha
Makhleb
Nemelex Xobeh
Okawaru
Qazlal
Ru
Sif Muna
Trog
Vehumet
Xom
Yredelemnul
Zin
The Shining One

Shops:
D:4 !:[


Innate Abilities, Weirdness & Mutations

You cannot wear most types of armour.
You are amphibious.
You can wear up to eight rings at the same time.
You can use your tentacles to constrict eight enemies at once.
Your skin changes colour to match your surroundings (Stealth).
Your rubbery body absorbs attacks (AC +1).


Message History

The killer bee buzzes angrily.
Your grab misses the killer bee. Your squeeze misses the killer bee.
The killer bee barely misses you.
You slash the killer bee! Your grab misses the killer bee.
You squeeze the killer bee.
The killer bee is almost dead.
The killer bee completely misses you.
You barely miss the killer bee. You grab the killer bee.
Your squeeze misses the killer bee.
The killer bee is almost dead.
You constrict the killer bee, but do no damage.
The killer bee stings you!
* * * LOW HITPOINT WARNING * * *
You are poisoned.
The killer bee poisons you!
You slash the killer bee!
You kill the killer bee!
Dithmenos accepts your kill.
You feel sick. The killer bee stings you!
You die...

#......# #.#
##.##### #.# ##'##
#.# #...## #.#
.....## ##.#
......## ##..#
.......####...####
.......'†........#
.....<.###.###.#@#
......###.## ##y.#
.....###.## ##†#
#...## #.# #.#
##+## #.# #.# ##.
..# #. ...# #y
.#### ..#


You could see a killer bee.

Vanquished Creatures
  The ghost of Garrluk the Shield-Bearer, an amateur DDFi (D:4)
  2 ice beasts (D:7)
  A phantom (D:7)
  2 ogres
  2 centaurs (D:6)
  A water moccasin zombie (D:5)
  2 scorpions (D:4)
  4 crimson imps
  4 killer bees (D:7)
  2 orc priests (D:6)
  4 centaur zombies
  A human zombie (Ossuary)
  A quasit (D:5)
  A giant frog zombie (D:7)
  An orc wizard (D:3)
  2 hounds (D:6)
  A giant frog skeleton (D:6)
  3 worker ants
  A big kobold zombie (Ossuary)
  4 mummies (Ossuary)
  A worker ant zombie (D:5)
  11 adders
  12 gnolls
  An adder zombie (D:5)
  A worm (D:4)
  17 orcs
  4 ball pythons
  5 bats
  3 giant cockroaches
  7 goblins
  9 hobgoblins
  5 kobolds
  3 quokkas
  8 giant geckos
  7 giant newts
  2 gnoll zombies (Ossuary)
  A goblin zombie (Ossuary)
  17 jackals
  A jackal skeleton (D:6)
  A quokka zombie (D:6)
  3 rats
159 creatures vanquished.

Notes
Turn   | Place    | Note
--------------------------------------------------------------
     0 | D:1      | Ordine the Octopode Fighter began the quest for the Orb.
     0 | D:1      | Reached XP level 1. HP: 16/16 MP: 1/1
   343 | D:1      | Reached XP level 2. HP: 21/21 MP: 2/2
   751 | D:2      | Reached XP level 3. HP: 18/26 MP: 3/3
  1095 | D:2      | Found a white marble altar of Elyvilon.
  1106 | D:2      | Found an opulent altar of Gozag.
  1270 | D:2      | Reached XP level 4. HP: 31/33 MP: 4/4
  1273 | D:2      | Reached skill level 4 in Fighting
  2204 | D:2      | Reached XP level 5. HP: 36/38 MP: 5/5
  3404 | D:4      | Reached skill level 5 in Fighting
  3404 | D:4      | Reached XP level 6. HP: 36/45 MP: 6/6
  3440 | D:4      | Noticed Garrluk's ghost (amateur DDFi)
  3458 | D:4      | HP: 1/45 [Garrluk's ghost (13)]
  3462 | D:4      | Killed Garrluk's ghost
  3462 | D:4      | Reached skill level 6 in Fighting
  3462 | D:4      | Reached skill level 5 in Long Blades
  3462 | D:4      | Reached XP level 7. HP: 7/52 MP: 7/7
  3734 | D:4      | Found Edghe's Antique Armour Shoppe.
  3755 | D:4      | Found a blossoming altar of Fedhas.
  3755 | D:4      | Found a radiant altar of Vehumet.
  3756 | D:4      | Found a basalt altar of Yredelemnul.
  3810 | D:4      | Found Zaginepn's Distillery.
  3817 | D:4      | Bought a potion of invisibility for 112 gold pieces
  3817 | D:4      | Bought a potion of haste for 140 gold pieces
  3857 | D:4      | Learned a level 3 spell: Regeneration
  3895 | D:4      | Found Udweenla's Book Shop.
  4067 | D:4      | Found a burning altar of Makhleb.
  4116 | D:4      | Found a sand-covered staircase.
  4125 | Ossuary  | Entered an ossuary
  4557 | D:5      | Entered Level 5 of the Dungeon
  4789 | D:5      | Reached XP level 8. HP: 58/58 MP: 8/8
  4841 | D:5      | Reached skill level 7 in Fighting
  4946 | D:5      | Found a bloodstained altar of Trog.
  6471 | D:6      | Reached skill level 8 in Fighting
  6655 | D:6      | Found a staircase to the Ecumenical Temple.
  6710 | Temple   | Entered the Ecumenical Temple
  6773 | Temple   | Became a worshipper of Dithmenos the Shadowed
  7094 | D:6      | Found a shattered altar of Ashenzari.
  7105 | D:6      | Reached XP level 9. HP: 45/67 MP: 9/9
  7372 | D:7      | Found a sparkling altar of Nemelex Xobeh.
  8139 | D:7      | Reached skill level 9 in Fighting
  8998 | D:7      | Slain by a killer bee

Vault maps used:
D:1:      dpeg_arrival_pits, serial_bayou_crossing
D:2:      lemuel_crystal_altar, nicolae_gozag_seed_capital
D:3:      minmay_goblin_kobold_house
D:4:      kennysheep_mini_moat, gammafunk_temple_overflow_claw, serial_shops,
          shop, shop, shop, nicolae_ossuary_entry_monument
D:5:      kennysheep_little_box, first_bread, serial_bayou,
          serial_bayou_shore_a, serial_bayou_ford_a, serial_bayou_pond_b,
          serial_bayou_pond_c, serial_bayou_pond_d
D:6:      temple_doors_d, basic_altar, minivault_10
D:7:      nemelex_xobeh_ov_fountains_minmay, serial_shops, shop, corner_web_ring
Temple:   circular_temple_12
Ossuary:  ossuary_crypta

Action                   |  1- 3 |  4- 6 |  7- 9 || total
-------------------------+-------+-------+-------++-------
Melee: Long sword        |    55 |    97 |   245 ||   397
Throw: Javelin           |       |       |     4 ||     4
  Use: Scroll            |       |     9 |    10 ||    19
       Potion            |       |     2 |     8 ||    10
 Stab: Sleeping          |     4 |     5 |     8 ||    17
       Distracted        |       |       |     1 ||     1
  Eat: Chunk             |     1 |     7 |    20 ||    28
